AoeStats
← _ThienLong_

Arabia

510273017Analyzed
1v1 RM · 1d ago on Sep 30, 2026· 40m 15s· 2 players
Game mode
Random Map
Map size
Tiny (2 player)
Population
200
Speed
Normal
Resources
Standard
Victory
Conquest
Starting age
Dark Age
Ending age
Imperial Age
RankedLock teamsTeams togetherTeam positionsShared explorationLock speedFull tech treeHidden civsTurbo modeCheats
Victory
Defeat
🇦🇹 Maya · Austria
1108
+15
🇻🇳 Sicilians · Vietnam
1097
-15
_ThienLong_
6:56 Loom
9:40 Feudal Age
10:37 Double-Bit Axe
14:55 Arson
15:33 Scale Mail Armor
18:40 Forging
23:54 Castle Age
25:08 Chain Mail Armor
25:05 Stone Mining
26:02 Wheelbarrow
34:23 Iron Casting
38:10 Hand Cart
39:08 Gold Mining
Blysss
0:33 Loom
9:40 Feudal Age
10:21 Double-Bit Axe
17:32 Wheelbarrow
20:48 Castle Age
19:03 Fletching
19:14 Padded Archer Armor
19:07 Horse Collar
19:42 Gold Mining
20:53 Crossbowman
21:29 Bodkin Arrow
25:16 Thumb Ring
26:07 Leather Archer Armor
28:24 Bow Saw
29:59 Fervor
32:16 Hand Cart
31:46 Town Watch
32:45 Heavy Plow
36:18 Imperial Age
38:28 Chemistry
37:26 Murder Holes
36:56 Arbalester
38:32 Bracer
Connection lost

Rejoining the realm…

Still unreachable

The connection could not be restored.

Session expired

The server has moved on; the page needs a fresh start.